 Dungeon Crawl Stone Soup version 0.31-a0-117-g42d8f58691 (webtiles) character file.

Game seed: 596203468160617371

4948 lunkers the Stormcaller (level 10, -4/50 HPs)
             Began as a Tengu Air Elementalist on May 24, 2023.
             Was an Elder of Sif Muna.
             Slain by an orc knight
             ... wielding a +3 great sword
              (5 damage)
             ... on level 9 of the Dungeon on May 30, 2023.
             The game lasted 00:28:09 (10563 turns).

lunkers the Stormcaller (Tengu Air Elementalist)   Turns: 10563, Time: 00:28:10

Health: -4/50      AC:  8    Str:  8    XL:     10   Next: 52%
Magic:  9/23       EV: 14    Int: 20    God:    Sif Muna [****..]
Gold:   398        SH:  0    Dex: 15    Spells: 15/25 levels left

rFire   + . .        a - +2 dagger (venom)
rCold   + + .        (no shield)
rNeg    + . .        B - +2 robe {rC+ rF+}
rPois   .            (helmet restricted)
rElec   .            H - +1 cloak
rCorr   +            c - +1 pair of gloves
SInv    .            (boots unavailable)
Will    .....        (no amulet)
Stlth   ++           k - ring of resist corrosion
HPRegen 0.28/turn    F - ring of Jumiohath {rC+ rN+ rCorr Slay+2}
MPRegen 0.18/turn

%: no passive effects
@: flying quickly and evasively, quick
A: beak, talons 3, nimble flight
a: Renounce Religion, Channel Magic, Forget Spell, Divine Exegesis


You were on level 9 of the Dungeon.
You worshipped Sif Muna.
Sif Muna was greatly pleased with you.
You visited 2 branches of the dungeon, and saw 10 of its levels.
You also visited: Sewer and Ossuary.

You collected 398 gold pieces.

Inventory:

Hand Weapons
 a - a +2 dagger of venom (weapon)
 j - a +0 whip of venom
 r - a +0 flail of flaming
 G - a +4 quarterstaff of chaos
Armour
 c - a +1 pair of gloves (worn)
 y - +0 acid dragon scales
 B - a +2 robe of resistance (worn)
 H - a +1 cloak (worn)
Jewellery
 k - a ring of resist corrosion (left hand)
 F - the ring of Jumiohath (right hand) {rC+ rN+ rCorr Slay+2}
   (You found it on level 7 of the Dungeon)

   [ring of resist corrosion]

   Slay:      It affects your accuracy & damage with ranged weapons and melee
   (+2).
   rC:        It protects you from cold.
   rN:        It protects you from negative energy.
   rCorr:     It protects you from acid and corrosion.
Wands
 q - a wand of charming (12)
 u - a wand of mindburst (11)
Scrolls
 d - a scroll of brand weapon
 f - 2 scrolls of poison
 g - 2 scrolls of enchant armour
 h - 2 scrolls of vulnerability
 n - 2 scrolls of immolation
 v - 2 scrolls of enchant weapon
 x - a scroll of magic mapping
 C - 3 scrolls of amnesia
 I - 2 scrolls of teleportation
Potions
 b - 3 potions of magic
 e - 5 potions of enlightenment
 i - 3 potions of curing
 l - 4 potions of attraction
 m - a potion of ambrosia {unknown}
 o - 3 potions of degeneration {unknown}
 p - 3 potions of heal wounds {unknown}
 s - a potion of brilliance {unknown}
 t - 9 potions of haste
 w - a potion of lignification {unknown}
 z - a potion of experience {unknown}
 A - a potion of berserk rage {unknown}
 D - 4 potions of resistance {unknown}
 E - a potion of mutation {unknown}
 J - a potion of invisibility {unknown}
 L - 2 potions of might {unknown}
 M - a potion of cancellation {unknown}


   Skills:
 - Level 2.1 Dodging
 - Level 2.0 Stealth
 + Level 8.1 Spellcasting
 * Level 2.9 Conjurations
 - Level 15.5 Air Magic
 + Level 3.3 Invocations


You had 15 spell levels left.
You knew the following spells:

 Your Spells              Type           Power      Damage    Failure   Level
a - Shock                 Conj/Air       100%       1d9       1%          1
b - Static Discharge      Conj/Air       90%        2-6/arc   1%          2
c - Swiftness             Air            63%        N/A       1%          3
d - Airstrike             Air            31%        2d(5-21)  1%          4

Your spell library contained the following spells:

 Spells                   Type           Power      Damage    Failure   Level
 Magic Dart               Conj           76%        1d6       2%          1
 Searing Ray              Conj           38%        2d5       3%          2
 Scorch                   Fire           16%        2d6       13%         2
 Ignite Poison            Fire/Tmut/Pois 8%         N/A       26%         3
 Flame Wave               Conj/Fire      14%        2d6       41%         4
 Fulminant Prism          Conj/Hex       7%         3d6       41%         4
 Sticky Flame             Conj/Fire      14%        2d4       41%         4
 Summon Cactus Giant      Summ           4%         N/A       100%        6
 Ignition                 Fire           4%         3d4       100%        8


Dungeon Overview and Level Annotations

Branches:
Dungeon (9/15)             Temple (0/1) D:5             Orc (1/2) D:9
  Sewer (visited)         Ossuary (visited)
   Lair: D:8-11

Altars:
Hepliaklqana
Qazlal
Sif Muna
Uskayaw
The Shining One

Shops:
D:5 *

Annotations:
D:9 1 runed translucent door, frimble's ghost, journeyman GnRe


Innate Abilities, Weirdness & Mutations

You have a beak for a mouth.
You have claws for feet.
Your magical nature lets you fly swiftly and evasively.


Message History

Unknown command.
You fly downwards.
Welcome back to the Orcish Mines!
The orc knight unwields a +0 arbalest.
The orc knight wields a +3 great sword.
The orc knight misses you.
There is a staircase back to the Dungeon, spattered with blood here.
The orc priest looks braver for a moment.
The orc knight closely misses you.
You fly upwards.
Welcome back to the Dungeon!
Level annotation: 1 runed translucent door, frimble's ghost, journeyman GnRe
There is a staircase to the Orcish Mines here.
Casting: Shock (safe; 1% risk of failure)
Confirm with . or Enter, or press ? or * to list all spells.
Aiming: Airstrike (safe; 1% risk of failure)
Press: ? - help, Dir - move target, f - orc knight
Aim: an orc knight, wielding a +3 great sword and wearing a +0 chain mail (lightly wounded, empty space bonus: 7/8)
The air twists around and strikes the orc knight!!
The orc knight is heavily wounded.
The orc knight hits you with a +3 great sword!!
Ouch! That really hurt!
* * * LOW HITPOINT WARNING * * *
Unknown command.
Casting: Airstrike (safe; 1% risk of failure)
Confirm with . or Enter, or press ? or * to list all spells.
Aiming: Airstrike (safe; 1% risk of failure)
Press: ? - help, Dir - move target, f/p - orc knight
Aim: an orc knight, wielding a +3 great sword and wearing a +0 chain mail (heavily wounded, empty space bonus: 7/8)
The air twists around and strikes the orc knight!!
The orc knight is almost dead.
The orc knight hits you with a +3 great sword!
* * * LOW HITPOINT WARNING * * *
Unknown command.
Casting: Airstrike (safe; 1% risk of failure)
Confirm with . or Enter, or press ? or * to list all spells.
Aiming: Airstrike (safe; 1% risk of failure)
Press: ? - help, Dir - move target, f/p - orc knight
Aim: an orc knight, wielding a +3 great sword and wearing a +0 chain mail (almost dead, empty space bonus: 7/8)
The air twists around and strikes the orc knight!
The orc knight is almost dead.
The orc knight hits you with a +3 great sword.
You die...

.......# ###################
.......## #..................
........##### #.##......#########
............###..#......#
........................###
........................'.#
........................#.#
....†......[............#.#
####'##)........@.......#.#
#.##)##.[.....o......#.#
####.##)##..............#.#
..##.##.##..............#.#
..##.##.##.............##.#
..##.##.######..#.#######.#
.....................>..#.#######
........#########.###.#.#........
......### ######.# #.#.#########


You could see an orc knight.

Vanquished Creatures
  A cyclops (D:8)
  Joseph (D:7)
  A wraith (D:9)
  A shadow (D:9)
  Menkaure (Ossuary)
  A warg (D:9)
  A water moccasin (D:5)
  3 sky beasts
  3 orc warriors
  A black bear (D:5)
  An ice beast (D:6)
  4 ogres
  3 centaurs
  A phantom (D:6)
  5 bullfrogs
  3 scorpions
  4 wights (D:8)
  2 howler monkeys (D:7)
  2 hounds
  A gnoll bouda (D:7)
  5 orc priests
  3 sleepcaps
  5 jellies
  Crazy Yiuf (D:7)
  5 iguanas
  Terence (D:3)
  Natasha (thrice) (D:3)
  11 orc wizards
  3 mummies (Ossuary)
  8 gnolls
  4 river rats
  14 adders
  A shadow imp (D:7)
  2 white imps (D:6)
  An ufetubus (D:5)
  2 worms (D:2)
  2 dart slugs (D:4)
  29 orcs
  5 bats
  7 endoplasms
  4 giant cockroaches
  6 gnoll zombies (Ossuary)
  10 goblins
  7 hobgoblins
  12 jackals
  2 quokkas
  13 ball pythons
  7 frilled lizards
  4 gnoll skeletons (Ossuary)
  2 goblin skeletons (Ossuary)
  5 goblin zombies (Ossuary)
  3 hobgoblin skeletons (Ossuary)
  3 hobgoblin zombies (Ossuary)
  8 kobolds
  3 kobold skeletons (Ossuary)
  2 kobold zombies (Ossuary)
  7 orc skeletons (Ossuary)
  5 orc zombies (Ossuary)
  11 rats
  6 rat skeletons (Ossuary)
  4 rat zombies (Ossuary)
276 creatures vanquished.

Notes
Turn   | Place    | Note
-------+----------+-------------------------------------------
     0 | D:1      | lunkers the Tengu Air Elementalist began the quest for the
                  | Orb.
     0 | D:1      | Reached XP level 1. HP: 10/10 MP: 4/4
    95 | D:1      | Reached XP level 2. HP: 15/15 MP: 1/6
   213 | D:1      | You fall into a shaft and drop 1 floor!
   282 | D:1      | Reached skill level 5 in Air Magic
   333 | D:1      | Reached XP level 3. HP: 19/19 MP: 4/7
   555 | D:1      | Learned a level 2 spell: Static Discharge
   559 | D:1      | Learned a level 3 spell: Swiftness
  1434 | D:2      | Reached XP level 4. HP: 24/24 MP: 6/9
  1517 | D:2      | Reached skill level 6 in Air Magic
  2207 | D:3      | Noticed Terence
  2217 | D:3      | Killed Terence
  2218 | D:3      | Gained mutation: Your magical nature lets you fly swiftly
                  | and evasively. [Tengu growth]
  2218 | D:3      | Reached XP level 5. HP: 27/28 MP: 3/10
  2593 | D:3      | Reached skill level 7 in Air Magic
  2599 | D:3      | Learned a level 4 spell: Airstrike
  2750 | D:3      | Noticed Natasha
  2759 | D:3      | Killed Natasha
  2918 | D:3      | Reached XP level 6. HP: 27/32 MP: 7/12
  3089 | D:3      | Noticed Natasha
  3094 | D:3      | Killed Natasha
  3170 | D:3      | Noticed Natasha
  3175 | D:3      | Killed Natasha
  3347 | D:4      | Reached skill level 8 in Air Magic
  3385 | D:4      | Reached XP level 7. HP: 17/36 MP: 3/14
  4089 | D:4      | Found a hide-covered altar of Uskayaw.
  4100 | D:4      | Found a shimmering blue altar of Sif Muna.
  4208 | D:4      | Became a worshipper of Sif Muna the Loreminder
  4228 | D:5      | Entered Level 5 of the Dungeon
  4246 | D:5      | Found Nekhloo's Assorted Antiques.
  4279 | D:5      | Reached skill level 9 in Air Magic
  4283 | D:5      | Found a glowing drain.
  4302 | Sewer    | Entered a sewer
  4693 | Sewer    | Reached * piety under Sif Muna
  4875 | D:5      | Found a staircase to the Ecumenical Temple.
  5040 | D:5      | Reached skill level 10 in Air Magic
  5304 | D:5      | Reached skill level 5 in Spellcasting
  5304 | D:5      | Reached XP level 8. HP: 9/41 MP: 2/16
  5518 | D:5      | Upgraded the game from 0.31-a0-83-gbff143cfd1 to
                  | 0.31-a0-95-g6fa058ef04
  5521 | D:5      | Reached skill level 11 in Air Magic
  6470 | D:6      | Reached skill level 12 in Air Magic
  6597 | D:6      | Found a hazy altar of Hepliaklqana.
  6741 | D:6      | Reached XP level 9. HP: 45/45 MP: 14/19
  7022 | D:6      | Found a stormy altar of Qazlal.
  7147 | D:6      | Reached skill level 13 in Air Magic
  7450 | D:7      | Upgraded the game from 0.31-a0-95-g6fa058ef04 to
                  | 0.31-a0-117-g42d8f58691
  7475 | D:7      | Noticed Joseph
  7480 | D:7      | Killed Joseph
  7483 | D:7      | Identified the ring of Jumiohath {rC+ rN+ rCorr Slay+2}
  7781 | D:7      | Found a glowing golden altar of the Shining One.
  7848 | D:7      | Found a runed translucent door.
  7849 | D:7      | Noticed Crazy Yiuf
  7892 | D:7      | Reached ** piety under Sif Muna
  7933 | D:7      | Killed Crazy Yiuf
  8066 | D:7      | Reached skill level 14 in Air Magic
  8473 | D:7      | Reached skill level 1 in Invocations
  8713 | D:8      | Noticed a cyclops
  8720 | D:8      | Killed a cyclops
  8721 | D:8      | Reached XP level 10. HP: 22/50 MP: 2/22
  8729 | D:8      | Reached skill level 15 in Air Magic
  8948 | D:8      | Found a sand-covered staircase.
  8953 | Ossuary  | Entered an ossuary
  9065 | Ossuary  | Reached *** piety under Sif Muna
  9345 | Ossuary  | Noticed Menkaure
  9351 | Ossuary  | Reached **** piety under Sif Muna
  9353 | Ossuary  | Killed Menkaure
 10366 | D:9      | Found a staircase to the Orcish Mines.
 10502 | D:9      | Found a runed translucent door.
 10502 | D:9      | Noticed frimble's ghost (journeyman GnRe)
 10503 | D:9      | Noticed a purple very ugly thing
 10550 | Orc:1    | Entered Level 1 of the Orcish Mines
 10550 | Orc:1    | Noticed an orc knight
 10562 | D:9      | HP: 1/50 [orc knight/+3 great sword (10)]
 10563 | D:9      | Slain by an orc knight

Illustrated notes

Levels and vault maps discovered:
D:1:      dpeg_arrival_shrine, layout_basic
D:2:      layout_loops_ring
D:3:      layout_basic, uniq_terence, uniq_natasha
D:4:      layout_rooms, amethyst_overflow_temple_binary,
          corexii_leaking_fountain, minmay_vboxes
D:5:      layout_gridville, minmay_temple_entry_hall, portal_sewer_entry_a,
          serial_shops, shop
D:6:      layout_basic, mainiacjoe_overflow_paths,
          mainiacjoe_overflow_concentric_impassable, serial_park_tiny_2,
          kennysheep_dice
D:7:      layout_loops_ring, mainiacjoe_overflow_24_doors, enter_bailey_1,
          uniq_joseph, uniq_crazy_yiuf_cottage
D:8:      layout_loops_corners, lemuel_round_altar, enter_ossuary_5
D:9:      layout_basic, david_orc_3, ebering_ghost_inner_flame, uniq_maurice
Orc:1:    layout_caves

Skill      XL: |  1  2  3  4  5  6  7  8  9 10 |
---------------+-------------------------------+-----
Air Magic      | 5 6 7 8 10 12 14 15 | 15.5
Spellcasting   | 3 4 5 6 7 8 |  8.1
Invocations    | 2 3 |  3.3
Conjurations   | 2 |  2.9
Dodging        | |  2.1
Stealth        | |  2.0

Action                     |  1- 3 |  4- 6 |  7- 9 | 10-12 || total
---------------------------+-------+-------+-------+-------++-------
  Melee: Unarmed           |    11 |       |       |       ||    11
         Kick              |     6 |    10 |    11 |    39 ||    66
         Peck              |     2 |     8 |    11 |    23 ||    44
         Whip              |     4 |    38 |     5 |       ||    47
         Dagger            |       |       |    56 |   103 ||   159
         Punch             |       |       |     1 |     2 ||     3
   Cast: Shock             |    77 |    94 |   126 |     9 ||   306
         Static Discharge  |       |     6 |    36 |    27 ||    69
         Airstrike         |       |       |    58 |    17 ||    75
  Evoke: Wand              |       |       |       |    14 ||    14
    Use: Scroll            |       |     6 |     7 |     2 ||    15
         Potion            |       |       |     1 |       ||     1
   Stab: Sleeping          |       |     1 |     3 |     1 ||     5
         Invisible         |       |       |       |     1 ||     1
 Armour: Robe              |    11 |    16 |    13 |    10 ||    50
         Acid dragon scale |       |       |    19 |    30 ||    49
  Dodge: Dodged            |    23 |    31 |    85 |    77 ||   216

Table legend: (Time is in decaauts)
 A = Elapsed time spent in this place.
 B = Non-inter-level travel time spent in this place.
 C = Inter-level travel time spent in this place.
 D = Time resting spent in this place.
 E = Time spent auto-exploring this place.
 F = Levels seen in this place.
 G = Mean time per level.
                   A        B        C        D        E       F      G
               +--------+--------+--------+--------+--------+-----+--------+
         Total |  10169 |   9936 |    233 |      0 |   8088 |  12 |  847.4 |
       Dungeon |   8968 |   8735 |    233 |      0 |   7297 |   9 |  996.4 |
  Orcish Mines |      8 |      8 |      0 |      0 |      0 |   1 |    8.0 |
         Sewer |    538 |    538 |      0 |      0 |    454 |   1 |  538.0 |
       Ossuary |    654 |    654 |      0 |      0 |    336 |   1 |  654.0 |
               +--------+--------+--------+--------+--------+-----+--------+

Top non-repeatable levels by time:
     D:6: 1376 daAuts
     D:1: 1194 daAuts
     D:5: 1123 daAuts
     D:7: 1048 daAuts
     D:3: 1033 daAuts
     D:2: 955 daAuts
     D:4: 943 daAuts
     D:8: 709 daAuts
 Ossuary: 654 daAuts
     D:9: 584 daAuts
   Sewer: 538 daAuts
   Orc:1: 8 daAuts
